 Dungeon Crawl Stone Soup version 0.20-a0-848-g73d9be0 (webtiles) character file.

137 Alarkh the Insei (level 5, 39/39 HPs)
             Began as a Demonspawn Transmuter on Mar 9, 2017.
             Quit the game on level 3 of the Dungeon.
             The game lasted 00:02:25 (2755 turns).

Alarkh the Insei (Demonspawn Transmuter)            Turns: 2755, Time: 00:02:26

Health: 39/39      AC:  2    Str: 10    XL:     5   Next: 0%
Magic:  8/8        EV: 13    Int: 16    God:
Gold:   105        SH:  0    Dex: 13    Spells: 2/8 levels left

rFire    . . .     SeeInvis .     - Unarmed
rCold    + . .     Gourm    .   b - +0 robe
rNeg     . . .     Faith    .   (no shield)
rPois    .         Spirit   +   (helmet restricted)
rElec    .         Reflect  .   (no cloak)
rCorr    .         Harm     .   (no gloves)
MR       .....                  (no boots)
Stlth    +.........             (no amulet)
Regen    0.2/turn               r - ring of protection from cold
MPRegen  0.3/turn               s - ring of flight

@: no status effects
A: horns 1, magic shield, magic regeneration, rot immunity
a: Evoke Flight


You were on level 3 of the Dungeon.
You were not hungry.

You visited 1 branch of the dungeon, and saw 3 of its levels.

You collected 105 gold pieces.

Inventory:

Missiles
 a - 34 arrows
Armour
 b - a +0 robe (worn)
Jewellery
 r - a ring of protection from cold (right hand)
 s - a ring of flight (left hand)
Scrolls
 g - 2 scrolls of remove curse {unknown}
 h - a scroll of noise {unknown}
 k - 4 scrolls of identify {unknown}
 l - 2 scrolls of teleportation {unknown}
 q - 2 scrolls of fear {unknown}
Potions
 e - 2 potions of berserk rage {unknown}
 i - a potion of magic {unknown}
 j - 2 potions of agility {unknown}
 m - a potion of degeneration {unknown}
 p - a potion of brilliance {unknown}
Books
 c - a book of Changes

   Spells                             Type                      Level
   a - Beastly Appendage              Transmutation                1
   b - Sticks to Snakes               Transmutation                2
   c - Spider Form                    Transmutation/Poison         3
   d - Ice Form                       Ice/Transmutation            4
   e - Blade Hands                    Transmutation                5
Comestibles
 d - 4 bread rations
 f - 10 fruits
 n - a royal jelly
 o - 2 meat rations
 t - 7 chunks of flesh


   Skills:
 + Level 2.4 Fighting
 + Level 2.8 Dodging
 * Level 4.0 Unarmed Combat
 - Level 2.0 Spellcasting
 - Level 1.7 Transmutations


You had 2 spell levels left.
You knew the following spells:

 Your Spells              Type           Power        Failure   Level  Hunger
a - Spider Form           Tmut/Pois      #.........   52%         3    ###....
b - Beastly Appendage     Tmut           #.....       12%         1    #......
c - Sticks to Snakes      Tmut           #.......     17%         2    ###....


Dungeon Overview and Level Annotations

Branches:
Dungeon (3/15)

Altars:


Innate Abilities, Weirdness & Mutations

You have a pair of small horns on your head.
When hurt, damage is shared between your health and your magic reserves.
You regenerate magic rapidly.
You are immune to rotting.


Message History

You closely miss the jackal.
The jackal is moderately wounded.
Your transformation is almost over.
The jackal closely misses you. The jackal completely misses you.
A jackal is nearby!
You hit the jackal.
You kill the jackal!
You have reached level 5!
Your demonic ancestry asserts itself...
You feel immune to rotting.
Your transformation has ended.
Your +0 robe unmelds from your body.
HP restored.
t - 8 chunks of flesh (gained 2)
You see here a jackal skeleton. x2
Eating one of 8 chunks of flesh.
You eat one of the 8 chunks of flesh.
This raw flesh tastes terrible.
f - 10 fruits (gained 2)
Found an escape hatch in the floor.
Are you sure you want to abandon this character and quit the game? (Confirm with "yes".)

#.# #.# #.# #.#
###. #.# ....
#.######..#..>
##.#...@.......
###..............
#...##......##...
.. #.#.###....##
. #.#
#.#..###..## #.#
#.#...##### #
#.###.#....#
#.##.##.......#
#.#....#.#...##


There were no monsters in sight!

Vanquished Creatures
  A crimson imp (D:3)
  5 adders (D:2)
  An ooze (D:3)
  2 worms (D:2)
  A dart slug (D:2)
  A leopard gecko (D:1)
  2 giant cockroaches
  13 goblins
  4 hobgoblins
  2 jackals (D:3)
  3 kobolds
  8 bats
  2 frilled lizards (D:2)
  5 rats
50 creatures vanquished.

Notes
Turn   | Place    | Note
-------+----------+-------------------------------------------
     0 | D:1      | Alarkh the Demonspawn Transmuter began the quest for the Orb.
     0 | D:1      | Reached XP level 1. HP: 15/15 MP: 3/3
   148 | D:1      | Reached skill level 3 in Unarmed Combat
   172 | D:1      | Gained mutation: You have a pair of large horns on your head. [demonic ancestry]
   172 | D:1      | Reached XP level 2. HP: 16/21 MP: 3/5
  1529 | D:2      | Gained mutation: When hurt, damage is shared between your health and your magic reserves. [demonic ancestry]
  1529 | D:2      | Reached XP level 3. HP: 25/26 MP: 4/6
  1627 | D:1      | Learned a level 3 spell: Spider Form
  1773 | D:1      | Learned a level 2 spell: Sticks to Snakes
  2164 | D:2      | Gained mutation: You regenerate magic rapidly. [demonic ancestry]
  2164 | D:2      | Reached XP level 4. HP: 29/33 MP: 5/7
  2606 | D:3      | Reached skill level 4 in Unarmed Combat
  2708 | D:3      | Gained mutation: You are immune to rotting. [demonic ancestry]
  2708 | D:3      | Reached XP level 5. HP: 37/39 MP: 4/8
  2755 | D:3      | Quit the game

Vault maps used:
D:1:      lordsloth_arrival_two_stooges, minmay_tetromino_s4
D:2:      first_bread
D:3:      nicolae_tso_carved_into_rock, hangedman_decor_clover_reticule,
          minivault_19, corexii_hall_statues_deadend

Skill      XL: |  1  2  3  4 |
---------------+-------------+-----
Unarmed Combat | 3 4 |  4.0
Dodging        | 2 |  2.8
Fighting       | 2 |  2.4
Spellcasting   | |  2.0
Transmutations | |  1.7

Action                   |  1- 3 |  4- 6 || total
-------------------------+-------+-------++-------
Melee: Unarmed           |   112 |    29 ||   141
       Kick              |    12 |       ||    12
       Headbutt          |    10 |       ||    10
 Cast: Beastly Appendage |    20 |     1 ||    21
       Spider Form       |     2 |     6 ||     8
 Stab: Sleeping          |     1 |       ||     1
  Eat: Chunk             |     5 |     3 ||     8
Armor: Robe              |    24 |       ||    24
       Skin              |       |     2 ||     2
Dodge: Dodged            |    81 |    20 ||   101
